cohdb
Replays
Latest Replays
All Replays
Popular Replays
Top Player Replays
Match Explorer
How It Works
Community
CoH3 Stats
Reddit
Sign in to upload your games and track your stats! →
Sign in with Steam
Match 42054096
Unlisted
Match 42054096
Overview
Messages
Build Orders
End
Kradschützen Motorcycle Team
250 Light Carrier
Panzerpioneer Squad
Construct Light Support Kompanie
MG34 Team
Combat Half-tracks
Fire Support Elements
Vehicle Survival Package
Selects Panzerjäger Kommand Battlegroup
Selects Mine Fields
Panzerjäger Mechanized Group
Construct Panzerarmee Kommand
Selects Tank Busters
Veteran Squad Leaders
Selects Defensive Positions
Walking Stuka Rocket Launcher
Panzerjäger Squad
Emergency Repair Kits
Armored Reserves
Selects Butterfly Bomb Drop
Rapid Advance
Tungsten Core Ammunition
Advanced Field Repairs
Advanced Optics
Tiger Heavy Tank
Walking Stuka Rocket Launcher
Selects Crew Shock Tactics
Butterfly Bomb Drop
BlackDolphin
Valdai
[DziczeDzieci]Cygan
Sailor
Zbogom12
Tiger One
nob talk too much
borys771
0
0
Comments
sign in to comment!
No comments posted yet!